 Dungeon Crawl Stone Soup version 0.20.1-1-g8b1a95d (webtiles) character file.

7 Mimshu the Insei (level 2, -1/18 HPs)
             Began as an Octopode Transmuter on Nov 30, 2017.
             Slain by a kobold
             ... wielding a +0 short sword
              (7 damage)
             ... on level 1 of the Dungeon.
             The game lasted 00:02:04 (653 turns).

Mimshu the Insei (Octopode Transmuter)               Turns: 653, Time: 00:02:04

Health: -1/18      AC:  1    Str:  9    XL:     2   Next: 4%
Magic:  5/5        EV: 13    Int: 15    God:
Gold:   53         SH:  0    Dex: 12    Spells: 4/5 levels left

rFire    . . .     SeeInvis .     - Unarmed
rCold    . . .     Gourm    .   (no shield)
rNeg     . . .     Faith    .   (helmet restricted)
rPois    .         Spirit   .   (no amulet)
rElec    .         Reflect  .   (no ring)
rCorr    .         Harm     .   (no ring)
MR       .....                  (no ring)
Stlth    ++........             (no ring)
Regen    0.1/turn               (no ring)
MPRegen  0.1/turn               (no ring)
                                (no ring)
                                (no ring)

@: no status effects
A: almost no armour, stealthy swim, amphibious, 8 rings, constrict 8, camouflage
1, gelatinous body 1
a: no special abilities


You were on level 1 of the Dungeon.
You were not hungry.

You visited 1 branch of the dungeon, and saw 1 of its levels.

You collected 53 gold pieces.

Inventory:

Missiles
 a - 65 arrows
 h - 7 exploding tomahawks (quivered)
Armour
 d - a +0 plate armour
Jewellery
 e - a +2 ring of strength {unknown}
Scrolls
 g - a scroll of fog {unknown}
 j - 2 scrolls of teleportation {unknown}
Potions
 f - a potion of flight {unknown}
 i - a potion of might {unknown}
 l - a potion of agility {unknown}
Books
 b - a book of Changes

   Spells                             Type                      Level
   a - Beastly Appendage              Transmutation                1
   b - Sticks to Snakes               Transmutation                2
   c - Spider Form                    Transmutation/Poison         3
   d - Ice Form                       Ice/Transmutation            4
   e - Blade Hands                    Transmutation                5
Comestibles
 c - a bread ration
 k - a royal jelly


   Skills:
 + Level 1.0 Fighting
 + Level 2.1 Dodging
 + Level 3.3 Unarmed Combat
 + Level 2.0 Spellcasting
 + Level 2.0 Transmutations


You had 4 spell levels left.
You knew the following spells:

 Your Spells              Type           Power        Failure   Level  Hunger
a - Beastly Appendage     Tmut           #.....       10%         1    #......


Dungeon Overview and Level Annotations

Branches:
Dungeon (1/15)

Altars:


Innate Abilities, Weirdness & Mutations

You cannot wear most types of armour.
You are very stealthy in the water. (Stealth+)
You are amphibious.
You can wear up to eight rings at the same time.
You can use your tentacles to constrict eight enemies at once.
Your skin changes colour to match your surroundings (Stealth+).
Your rubbery body absorbs attacks. (AC +1, EV +1)


Message History

You constrict the kobold, but do no damage.
The kobold hits you with a short sword!
* * * LOW HITPOINT WARNING * * *
The hobgoblin completely misses you.
You release your grip on the kobold.
The kobold closely misses you. The kobold closely misses you.
Throwing (i - inventory):
h - 7 exploding tomahawks (quivered)
Press: ? - help, Shift-Dir - straight line, f - hobgoblin
Aim: a hobgoblin (severely wounded) That explosion of tomahawk fragments is likely to hit you.
Continue anyway?
Okay, then.
Char dumped successfully.
Unknown command.
Throwing (i - inventory):
h - 7 exploding tomahawks (quivered)
Press: ? - help, Shift-Dir - straight line, f/p - hobgoblin
Aim: a hobgoblin (severely wounded) That explosion of tomahawk fragments is likely to hit you.
Continue anyway?
Okay, then.
The kobold hits you with a short sword!
You die...

.... #.# #.#
.... #.# #.#
.... #.# #.#
###. #.# #.#
## #.# .###
#.# ...## #g#
....## ####K#
##...# #..@.#
.##..## #
#>####
..#...#
#..###.######
≈.##..#
#.....#.....#
≈.##..#
#.####.####.#
≈.##..# #.#
#.# ..#...#
#.# #.#
.##..####.#
#.####.#
##...# #..#
#....#.#


You could see a hobgoblin and a kobold.

Vanquished Creatures
  A dart slug (D:1)
  A ball python (D:1)
  2 bats (D:1)
  A frilled lizard (D:1)
  2 rats (D:1)
7 creatures vanquished.

Notes
Turn   | Place    | Note
-------+----------+-------------------------------------------
     0 | D:1      | Mimshu the Octopode Transmuter began the quest for the Orb.
     0 | D:1      | Reached XP level 1. HP: 13/13 MP: 3/3
   619 | D:1      | Reached XP level 2. HP: 18/18 MP: 5/5
   653 | D:1      | Slain by a kobold

Action                   || total
-------------------------++-------
Melee: Unarmed           ||    11
       Constrict         ||     2
       Tentacles         ||     2
Throw: Tomahawk          ||     1
 Cast: Beastly Appendage ||     2
 Stab: Sleeping          ||     3
Dodge: Dodged            ||     6
